 Dungeon Crawl Stone Soup version 0.29-a0-541-gaf1fc19f1b (webtiles) character file.

Game seed: 2164603541641865564

57 bchevrier the Covered (level 3, 0/33 HPs)
             Began as a Minotaur Fighter on June 2, 2022.
             Slain by Terence
             ... wielding a +0 flail
              (9 damage)
             ... on level 2 of the Dungeon.
             The game lasted 00:29:09 (1885 turns).

bchevrier the Covered (Minotaur Fighter)            Turns: 1885, Time: 00:29:10

Health: 0/33       AC:  8    Str: 22    XL:     3   Next: 73%
Magic:  2/2        EV:  9    Int:  5    God:
Gold:   74         SH:  4    Dex:  9    Spells: 2/2 levels left

rFire   . . .      SeeInvis .   a - +0 long sword
rCold   . . .      Faith    .   c - +0 buckler
rNeg    . . .      Spirit   .   b - +0 scale mail
rPois   .          Reflect  .   (helmet restricted)
rElec   .          Harm     .   n - +0 cloak
rCorr   .          Rampage  .   (no gloves)
Will    .....                   (no boots)
Stlth   ..........              (no amulet)
HPRegen 0.11/turn               (no ring)
MPRegen 0.08/turn               (no ring)

@: mighty
A: horns 2, retaliatory headbutt
a: no special abilities


You were on level 2 of the Dungeon.
You visited 1 branch of the dungeon, and saw 2 of its levels.

You collected 74 gold pieces.

Inventory:

Hand Weapons
 a - a +0 long sword (weapon)
 f - a +0 short sword
 j - a +0 trident
 q - a +0 mace
 A - a +0 spear
Missiles
 i - 21 stones (quivered)
 r - 3 poisoned darts
Armour
 b - a +0 scale mail (worn)
 c - a +0 buckler (worn)
 g - a +0 leather armour
 n - a +0 cloak (worn)
 s - a +0 leather armour
Scrolls
 k - a scroll of immolation
 u - a scroll of amnesia
 x - a scroll of fog {unknown}
 y - a scroll of acquirement {unknown}
Potions
 e - a potion of brilliance
 o - a potion of invisibility {unknown}
 v - a potion of resistance
 z - a potion of lignification {unknown}


   Skills:
 + Level 4.1 Fighting
 + Level 3.2 Long Blades
 + Level 4.5 Armour
 + Level 0.1 Stealth
 + Level 4.0 Shields


You had 2 spell levels left.
You didn't know any spells.
Your spell library was empty.

Dungeon Overview and Level Annotations

Branches:
Dungeon (2/15)

Altars:

Annotations:
D:2 Terence


Innate Abilities, Weirdness & Mutations

You have a pair of horns on your head.
You reflexively headbutt those who attack you in melee.


Message History

Found a whip.
Terence shouts!
A ball python comes into view.
The ball python hisses angrily.
Terence barely misses you. You furiously retaliate!
You headbutt Terence, but do no damage. You barely miss Terence.
Terence hits you with a +0 flail.
You barely miss Terence. Terence barely misses you. The ball python misses you.
The ball python grabs you. The ball python constricts you.
You hit Terence but do no damage. Your headbutt misses Terence.
Terence hits you with a +0 flail. The ball python barely misses you.
The ball python constricts you. Terence hits you but does no damage.
You hit Terence but do no damage.
The ball python bites you but does no damage.
The ball python constricts you.
The ball python bites you but does no damage.
The ball python constricts you. Terence hits you with a +0 flail.
You escape the ball python's grasp.
You block Terence's attack. The ball python barely misses you.
You furiously retaliate!
You headbutt the ball python.
You kill the ball python!
Terence hits you with a +0 flail.
You see here a ball python corpse.
You completely miss Terence. Terence hits you with a +0 flail.
You hit Terence but do no damage. Your headbutt misses Terence.
Terence closely misses you.
You closely miss Terence. Terence hits you with a +0 flail.
* * * LOW HITPOINT WARNING * * *
Terence hits you but does no damage.
You feel better. Terence barely misses you.
Level annotation: Terence Welcome back, bchevrier the Minotaur Fighter.
Press ? for a list of commands and other information.
You feel very mighty all of a sudden. Terence hits you with a +0 flail.
Unknown command.
Terence hits you with a +0 flail.
* * * LOW HITPOINT WARNING * * *
Terence hits you with a +0 flail!
You die...

#.)# # #..#.##
#..#..# #..'. #..#
#..# #..# #..#
#@@#####+#######+##
#..................
#............###.##
######)..##.##
######.####.#
#.....<...#
#.##.###### #.##.##
#.#...######


You could see Terence.

Vanquished Creatures
  A worm (D:2)
  A dart slug (D:1)
  3 ball pythons (D:2)
  7 bats
  3 endoplasms (D:2)
  A giant cockroach (D:1)
  3 goblins (D:2)
  8 hobgoblins
  4 jackals (D:1)
  7 kobolds
  A quokka (D:1)
  2 frilled lizards (D:1)
  4 rats (D:1)
45 creatures vanquished.

Notes
Turn   | Place    | Note
-------+----------+-------------------------------------------
     0 | D:1      | bchevrier the Minotaur Fighter began the quest for the Orb.
     0 | D:1      | Reached XP level 1. HP: 19/19 MP: 0/0
   166 | D:1      | Reached XP level 2. HP: 27/27 MP: 1/1
   289 | D:1      | Found a faded altar of an unknown god.
   647 | D:1      | Reached XP level 3. HP: 28/33 MP: 2/2
  1864 | D:2      | Noticed Terence
  1885 | D:2      | Slain by Terence

Illustrated notes

Levels and vault maps discovered:
D:1:      erik_arrival_triangle_small, layout_loops_corners,
          dreamdust_ecumenical_altar_statues, minmay_cupped
D:2:      minmay_wonky_spiral, layout_loops_ring, kennysheep_pointless_box,
          minmay_quadrilaterals, uniq_terence

Skill      XL: |  1  2  3 |
---------------+----------+-----
Fighting       | 4 |  4.1
Armour         | 4 |  4.5
Long Blades    | 3 |  3.2
Shields        | 4 |  4.0
Stealth        | |  0.1

Action                   || total
-------------------------++-------
Melee: Long sword        ||    87
       Headbutt          ||     6
Throw: Stone             ||     1
  Use: Potion            ||     6
       Scroll            ||     3
Armor: Scale mail        ||    37
Dodge: Dodged            ||    61
Block: Buckler           ||    20

Table legend: (Time is in decaauts)
 A = Elapsed time spent in this place.
 B = Non-inter-level travel time spent in this place.
 C = Inter-level travel time spent in this place.
 D = Time resting spent in this place.
 E = Time spent auto-exploring this place.
 F = Levels seen in this place.
 G = Mean time per level.
                   A        B        C        D        E       F      G
               +--------+--------+--------+--------+--------+-----+--------+
         Total |   1910 |   1817 |     93 |     91 |    452 |   2 |  955.0 |
       Dungeon |   1910 |   1817 |     93 |     91 |    452 |   2 |  955.0 |
               +--------+--------+--------+--------+--------+-----+--------+

Top non-repeatable levels by time:
     D:1: 1537 daAuts
     D:2: 372 daAuts
